 Dungeon Crawl Stone Soup version 0.29-a0-284-gf9362112df (webtiles) character file.

Game seed: 5054182059008499749

34066 ders the Eclecticist (level 14, 0/81 HPs)
             Began as a Djinni Conjurer on Mar 30, 2022.
             Was an Elder of Ashenzari.
             Slain by a blink frog (9 damage)
             ... on level 3 of the Lair of Beasts.
             The game lasted 00:34:37 (20750 turns).

ders the Eclecticist (Djinni Conjurer)             Turns: 20750, Time: 00:34:38

Health: 0/81       AC:  8    Str:  6    XL:     14   Next: 11%
Gold:   1904       EV: 14    Int: 40    God:    Ashenzari [****..] SH:  8 Dex:  9

rFire   + + .      SeeInvis +   p - +6 flail (protect)
rCold   x . .      Faith    .   H - +2 buckler "Mistrust of Ashenzari" {Fort, Cun} (curse)
rNeg    . . .      Spirit   .   m - +2 robe "Burden of the Sphere" {Int+5 Dex-5, Melee, Self} (curse)
rPois   ∞          Reflect  .   q - +1 hat "Restrained Desperation" {Range, Self} (curse)
rElec   .          Harm     .   (no cloak)
rCorr   .          Rampage  .   N - +1 pair of gloves "Visionary of the Sky" {Cun, Fort} (curse)
Will    +....      Clarity  +   (boots unavailable)
Stlth   ++++......              (no amulet)
HPRegen 0.23/turn               w - ring "Ensconced Seeker" {Int+6, Range, Fort} (curse)
MPRegen 0.00/turn               A - ring of Ashenzari's Anxiety {Int+6, Fort, Self} (curse)

@: flying
A: sickness immunity, fire resistance 2, cold vulnerability 1, float, innate
caster, HP casting, extra vitality 1
a: Renounce Religion, Curse Item, Shatter the Chains


You were on level 3 of the Lair of Beasts.
You worshipped Ashenzari.
Ashenzari was greatly pleased with you.
You visited 3 branches of the dungeon, and saw 15 of its levels.
You also visited: Sewer.

You collected 1904 gold pieces.

Inventory:

Hand Weapons
 j - a +0 quick blade
 p - a +6 flail of protection (weapon)
Missiles
 g - 491 stones
 F - a throwing net
Armour
 a - a +0 robe
 m - the cursed +2 robe "Burden of the Sphere" (worn) {Int+5 Dex-5, Melee, Self}
   (You found it on level 3 of the Dungeon)

   Int:       It affects your intelligence (+5).
   Dex:       It affects your dexterity (-5).
   It has a curse which improves the following skills: Melee Combat: Short
   Blades, Long Blades, Axes, Maces & Flails, Polearms, Staves and Unarmed
   Combat.
   Introspection: Fighting and Spellcasting.
 q - the cursed +1 hat "Restrained Desperation" (worn) {Range, Self}
   (You found it in a sewer)

   It has a curse which improves the following skills: Ranged Combat: Slings,
   Bows, Crossbows and Throwing.
   Introspection: Fighting and Spellcasting.
 C - +0 steam dragon scales
 H - the cursed +2 buckler "Mistrust of Ashenzari" (worn) {Fort, Cun}
   (You found it on level 8 of the Dungeon)

   It has a curse which improves the following skills: Fortitude: Armour and
   Shields.
   Cunning:   Dodging and Stealth.
 I - the +1 robe of Emidi {rF- Regen+ rCorr Slay+3}
   (You found it on level 8 of the Dungeon)

   Slay:      It affects your accuracy & damage with ranged weapons and melee
   (+3).
   rF:        It makes you vulnerable to fire.
   Regen:     It increases your rate of health regeneration.
   rCorr:     It protects you from acid and corrosion.
 M - a +0 cloak
 N - the cursed +1 pair of gloves "Visionary of the Sky" (worn) {Cun, Fort}
   (You found it on level 1 of the Lair of Beasts)

   It has a curse which improves the following skills: Cunning: Dodging and
   Stealth.
   Fortitude: Armour and Shields.
Jewellery
 f - a ring of positive energy
 n - a +4 ring of evasion
 w - the cursed ring "Ensconced Seeker" (left hand) {Int+6, Range, Fort}
   (You found it on level 4 of the Dungeon)

   [ring of intelligence]

   Int:       It affects your intelligence (+6).
   It has a curse which improves the following skills: Ranged Combat: Slings,
   Bows, Crossbows and Throwing.
   Fortitude: Armour and Shields.
 A - the cursed ring of Ashenzari's Anxiety (right hand) {Int+6, Fort, Self}
   (You found it on level 6 of the Dungeon)

   [ring of intelligence]

   Int:       It affects your intelligence (+6).
   It has a curse which improves the following skills: Fortitude: Armour and
   Shields.
   Introspection: Fighting and Spellcasting.
 K - a +6 ring of strength
Wands
 v - a wand of paralysis (18)
 B - a wand of flame (11)
 G - a wand of digging (11)
 J - a wand of iceblast (12)
Scrolls
 d - 2 scrolls of immolation
 e - a scroll of vulnerability
 i - 8 scrolls of identify
 o - 5 scrolls of teleportation
 r - a scroll of magic mapping
 s - 5 scrolls of fear
 t - 6 scrolls of enchant armour
 x - 2 scrolls of silence
 y - 3 scrolls of noise
 E - 2 scrolls of blinking
 L - a scroll of holy word
Potions
 b - 4 potions of mutation
 c - a potion of heal wounds
 h - 6 potions of curing
 k - 3 potions of cancellation
 l - a potion of resistance
 u - a potion of ambrosia
 z - a potion of haste
 D - a potion of magic


   Skills:
 - Level 7.3(12.0) Armour
 + Level 6.7(9.7) Dodging
 + Level 5.5(8.4) Stealth
 - Level 5.1(9.6) Shields
 * Level 15.5(19.3) Spellcasting


You had 19 spell levels left.
You knew the following spells:

 Your Spells              Type           Power      Damage    Failure   Level
a - Magic Dart            Conj           100%       1d8       0%          1
b - Searing Ray           Conj           100%       2d8       0%          2
c - Dazzling Flash        Conj/Hex       100%       N/A       0%          3
d - Fulminant Prism       Conj/Hex       57%        3d25      0%          4
e - Iskenderun's Mystic   Conj/Tloc      100%       2d19      0%          4
f - Sandblast             Erth           100%       2d20      0%          1
g - Passwall              Tmut/Erth      95%        N/A       0%          2
h - Ensorcelled Hibernat  Hex/Ice        100%       N/A       0%          2
i - Stone Arrow           Conj/Erth      100%       3d13      0%          3
j - Lee's Rapid Deconstr  Erth           57%        3d27*     0%          5
k - Manifold Assault      Tloc           100%       N/A       0%          5
Your spell library was empty.

Dungeon Overview and Level Annotations

Branches:
Dungeon (11/15)            Temple (1/1) D:6            Lair (3/6) D:11
 Spider (0/4) Lair:2          Orc (0/2) D:10          Sewer (visited)
  Swamp: Lair:2-4    Shoals: Lair:2-4

Altars:
Ashenzari
Cheibriados
Dithmenos
Elyvilon
Fedhas
Gozag
Hepliaklqana
Kikubaaqudgha
Makhleb
Nemelex Xobeh
Okawaru
Qazlal
Ru
Sif Muna
Trog
Uskayaw
Vehumet
Wu Jian
Xom
Yredelemnul
Zin
The Shining One

Shops:
D:1 [   D:4 =   D:5 [


Innate Abilities, Weirdness & Mutations

You are immune to sickness and miasma.
You are immune to poison.
Your flesh is very heat resistant. (rF++)
You are vulnerable to cold. (rC-)
You float through the air rather than walking.
You learn spells naturally, not from books.
Your magical power is your life essence.
You have superior vitality. (+4 MHP)


Message History

You start resting.
A blink frog is nearby!
Casting: Iskenderun's Mystic Blast (safe; 0% risk of failure)
Confirm with . or Enter, or press ? or * to list all spells.
You can't see any susceptible monsters within range! (Use Z to cast anyway.)
Casting: Iskenderun's Mystic Blast (safe; 0% risk of failure)
Confirm with . or Enter, or press ? or * to list all spells.
Aiming: Magic Dart (safe; 0% risk of failure)
Press: ? - help, Shift-Dir - straight line, f - blink frog
Aim: a blink frog (wandering, hasn't noticed you, 100% to hit)
The magic dart hits the blink frog.
The blink frog is lightly wounded.
The blink frog croaks.
* * * LOW HITPOINT WARNING * * *
You hear a croak.
Unknown command.
Casting: Magic Dart (safe; 0% risk of failure)
Confirm with . or Enter, or press ? or * to list all spells.
You can't see any susceptible monsters within range! (Use Z to cast anyway.)
Casting: Magic Dart (safe; 0% risk of failure)
Confirm with . or Enter, or press ? or * to list all spells.
You can't see any susceptible monsters within range! (Use Z to cast anyway.)
A blink frog comes into view.
A blink frog comes into view.
The blink frog gives a loud, deep croak!
A blink frog comes into view.
Casting: Magic Dart (safe; 0% risk of failure)
Confirm with . or Enter, or press ? or * to list all spells.
You erupt in a blast of force!
The mystic blast hits the blink frog!
The blink frog is moderately wounded.
The blink frog is knocked back by the mystic blast.
* * * LOW HITPOINT WARNING * * *
The blink frog blinks! x2
Blink to where?
Press: ? - help, Dir - move target, p - blink frog
As you read the scroll of blinking, it crumbles to dust.
The blink frog hits you!
* * * LOW HITPOINT WARNING * * *
The blink frog hits you!
You die...

#.....†....# ,
##...§..§..# , ,
##.........## * * ,* *
#..........P## , ,
##...........# ,*,#
##..F.....#### * ,,,
#.###...§.....## * ,
,,*##.P.#F.......###. ,
, ,,
,*#..<.@.........#.. ,,
, .................... ,
,
,.....................,,
, ,,
.......F.............
,,, ,,
..................... ,
, ,, ,
....................., ,
, .....................,
, ,
.....#............... ,
,, .#..............,,


You could see 3 blink frogs.

Vanquished Creatures
  4 hydras
  Fannar (D:10)
  A boulder beetle (D:9)
  Erica (D:8)
  A catoblepas (Lair:2)
  2 two-headed ogres
  3 death yaks (Lair:3)
  A tengu warrior (D:11)
  Pikel (D:8)
  An ugly thing (D:11)
  2 deep elf pyromancers
  A cyclops (D:11)
  Joseph (D:8)
  3 black mambas
  7 cane toads
  A gargoyle (D:10)
  2 kobold demonologists
  Maggie (D:6)
  2 rime drakes
  4 komodo dragons
  A tengu conjurer (D:11)
  A troll (D:11)
  Grinder (D:4)
  A meliai (Lair:2)
  A hornet (D:8)
  Prince Ribbit (D:8)
  13 blink frogs
  Sigmund (D:5)
  A shadow (D:11)
  3 wraiths
  3 wyverns
  32 yaks
  A steam dragon (Lair:2)
  2 basilisks
  Eustachio (D:6)
  2 vampire mosquitoes (D:8)
  Grum (D:9)
  3 acid dragons
  Edmund (D:4)
  13 water moccasins
  4 sky beasts
  2 ice beasts (D:6)
  An ogre (D:6)
  2 black bears (D:6)
  2 orc warriors
  11 wolves
  3 centaurs
  3 kobold brigands
  12 bullfrogs
  3 gnoll sergeants
  2 necrophages
  3 scorpions
  7 wights
  16 killer bees
  A howler monkey (D:11)
  A hound (D:5)
  2 jellies
  Crazy Yiuf (D:5)
  5 orc priests
  An iron imp (D:7)
  A gnoll shaman (D:7)
  3 iguanas
  9 orc wizards
  19 gnolls
  9 adders
  4 river rats (Sewer)
  A shadow imp (D:7)
  7 worms
  A dart slug (D:4)
  39 orcs
  11 ball pythons
  4 endoplasms
  8 giant cockroaches
  11 hobgoblins
  6 quokkas
  14 bats
  3 frilled lizards
  13 goblins
  16 kobolds
  6 rats
  5 fulminant prisms
395 creatures vanquished.

Vanquished Creatures (others)
  180 fulminant prisms
  52 fungi
  46 plants
278 creatures vanquished.

Grand Total: 673 creatures vanquished

Notes
Turn   | Place    | Note
-------+----------+-------------------------------------------
     0 | D:1      | ders the Djinni Conjurer began the quest for the Orb.
     0 | D:1      | Reached XP level 1. HP: 15/15 MP: 0/0
   330 | D:1      | Reached XP level 2. HP: 20/21 MP: 0/0
   901 | D:1      | Found Kaopy's Antique Armour Shop.
   911 | D:1      | Reached XP level 3. HP: 24/25 MP: 0/0
   911 | D:1      | Learned a level 1 spell: Sandblast
  1417 | D:2      | Reached skill level 4 in Spellcasting
  1732 | D:2      | Found a hazy altar of Hepliaklqana.
  1885 | D:2      | Reached XP level 4. HP: 30/31 MP: 0/0
  2430 | D:3      | Identified the +2 robe of Repulsion {Int+5 Dex-5}
  3520 | D:4      | Noticed a necrophage
  3525 | D:4      | Killed a necrophage
  3526 | D:4      | Reached skill level 5 in Spellcasting
  3526 | D:4      | Reached XP level 5. HP: 26/35 MP: 0/0
  3526 | D:4      | Learned a level 2 spell: Passwall
  3539 | D:4      | Found a glowing drain.
  3866 | Sewer    | Entered a sewer
  4023 | Sewer    | Reached XP level 6. HP: 38/40 MP: 0/0
  5405 | D:4      | Noticed Edmund
  5605 | D:4      | Reached skill level 6 in Spellcasting
  5620 | D:4      | Found Loyddoj's Jewellery Boutique.
  5659 | D:4      | Reached XP level 7. HP: 40/45 MP: 0/0
  5659 | D:4      | Learned a level 2 spell: Ensorcelled Hibernation
  5661 | D:4      | Noticed Grinder
  5667 | D:4      | Killed Grinder
  5683 | D:4      | Killed Edmund
  5684 | D:4      | Reached skill level 7 in Spellcasting
  5684 | D:4      | Reached XP level 8. HP: 25/50 MP: 0/0
  6169 | D:5      | Entered Level 5 of the Dungeon
  6572 | D:5      | Noticed Sigmund
  6580 | D:5      | Killed Sigmund
  6581 | D:5      | Reached skill level 8 in Spellcasting
  6657 | D:5      | Noticed a wyvern
  6664 | D:5      | Killed a wyvern
  6991 | D:5      | Found a runed translucent door.
  6992 | D:5      | Noticed Crazy Yiuf
  7042 | D:5      | Reached XP level 9. HP: 29/55 MP: 0/0
  7042 | D:5      | Learned a level 3 spell: Stone Arrow
  7267 | D:5      | Found Laitas's Antique Armour Shop.
  7500 | D:5      | Killed Crazy Yiuf
  7551 | D:6      | Reached skill level 9 in Spellcasting
  8041 | D:6      | Reached skill level 10 in Spellcasting
  8175 | D:6      | Found a staircase to the Ecumenical Temple.
  8246 | Temple   | Entered the Ecumenical Temple
  8543 | Temple   | Became a worshipper of Ashenzari the Shackled
  8563 | D:6      | Identified a scroll of acquirement
  8568 | D:6      | Acquired 996 gold pieces
  8687 | D:6      | Noticed Maggie
  8695 | D:6      | Killed Maggie
  8696 | D:6      | Reached XP level 10. HP: 23/60 MP: 0/0
  8711 | D:6      | Noticed Eustachio
  8724 | D:6      | Killed Eustachio
  9463 | D:7      | Reached skill level 11 in Spellcasting
 10283 | D:7      | Reached * piety under Ashenzari
 10812 | D:7      | Found a snail-covered altar of Cheibriados.
 11144 | D:8      | Noticed Joseph
 11155 | D:8      | Killed Joseph
 11156 | D:8      | Reached skill level 12 in Spellcasting
 11341 | D:8      | Identified the +1 robe of Emidi {rF- Regen+ rCorr Slay+3}
 11543 | D:8      | Noticed Pikel
 11548 | D:8      | Killed Pikel
 11549 | D:8      | Reached skill level 1 in Armour
 11549 | D:8      | Reached skill level 1 in Shields
 11549 | D:8      | Reached XP level 11. HP: 57/65 MP: 0/0
 11549 | D:8      | Learned a level 5 spell: Lee's Rapid Deconstruction
 11667 | D:8      | Noticed Erica
 11672 | D:8      | Killed Erica
 11851 | D:8      | Noticed Prince Ribbit
 11854 | D:8      | Killed Prince Ribbit
 12418 | D:8      | Noticed a four-headed hydra
 12420 | D:8      | Killed a four-headed hydra
 12483 | D:8      | Noticed a two-headed ogre
 12487 | D:8      | Killed a two-headed ogre
 12811 | D:8      | Reached ** piety under Ashenzari
 12907 | D:8      | Noticed a deep elf pyromancer
 12910 | D:8      | Killed a deep elf pyromancer
 13265 | D:9      | Reached skill level 13 in Spellcasting
 13470 | D:9      | Noticed Grum
 13474 | D:9      | Killed Grum
 13568 | D:9      | Noticed a two-headed ogre
 13573 | D:9      | Killed a two-headed ogre
 13761 | D:9      | Noticed a boulder beetle
 13776 | D:9      | Killed a boulder beetle
 13777 | D:9      | Reached skill level 5 in Armour
 13777 | D:9      | Reached skill level 5 in Shields
 13777 | D:9      | Reached XP level 12. HP: 28/70 MP: 0/0
 14562 | D:10     | Entered Level 10 of the Dungeon
 14730 | D:10     | Reached *** piety under Ashenzari
 15028 | D:10     | Noticed Fannar
 15030 | D:10     | Killed Fannar
 15386 | D:10     | Found a staircase to the Orcish Mines.
 15713 | D:11     | Reached skill level 14 in Spellcasting
 15726 | D:11     | Noticed a tengu warrior
 15965 | D:11     | Killed a tengu warrior
 16300 | D:11     | Found a staircase to the Lair.
 16836 | Lair:1   | Entered Level 1 of the Lair of Beasts
 16859 | Lair:1   | Found a glowing golden altar of the Shining One.
 16892 | Lair:1   | Reached XP level 13. HP: 64/76 MP: 0/0
 16892 | Lair:1   | Learned a level 5 spell: Manifold Assault
 17027 | Lair:1   | Noticed a six-headed hydra
 17029 | Lair:1   | Killed a six-headed hydra
 17783 | Lair:1   | Reached **** piety under Ashenzari
 18467 | Lair:2   | Noticed a catoblepas
 18471 | Lair:2   | Noticed a seven-headed hydra
 18479 | Lair:2   | Killed a catoblepas
 18484 | Lair:2   | Noticed a seven-headed hydra
 18487 | Lair:2   | Killed a seven-headed hydra
 18617 | Lair:2   | Killed a seven-headed hydra
 18618 | Lair:2   | Reached skill level 5 in Dodging
 18618 | Lair:2   | Reached skill level 15 in Spellcasting
 19758 | Lair:2   | Found a hole to the Spider Nest.
 20463 | Lair:3   | Reached skill level 5 in Stealth
 20683 | Lair:3   | Reached XP level 14. HP: 74/81 MP: 0/0
 20750 | Lair:3   | Slain by a blink frog

Illustrated notes

Levels and vault maps discovered:
D:1:      amcnicky_arrival_choice, layout_basic, serial_shops, shop
D:2:      layout_rooms, basic_altar, minmay_pentomino_q2
D:3:      layout_basic
D:4:      layout_cave_pools, portal_sewer_entry_b, serial_shops,
          nicolae_shop_statue_plus, minmay_misc_feat_roman, minivault_24,
          uniq_grinder, uniq_edmund
D:5:      layout_basic, serial_shops, nicolae_stop_n_shop_1, minmay_hedge_maze,
          uniq_sigmund, uniq_crazy_yiuf_cottage
D:6:      layout_gridville, minmay_temple_entry_drinking_statues,
          minmay_starry_boxes, uniq_eustachio, uniq_maggie
D:7:      layout_basic, chei_slow_surprise
D:8:      layout_basic, abandoned_shop, minmay_shattered_shrine, uniq_joseph,
          uniq_prince_ribbit1, uniq_pikel, uniq_erica
D:9:      layout_gridville, nzn_sisyphean_effort, uniq_grum
D:10:     layout_roguey, orc_0_dummy, uniq_fannar
D:11:     layout_rooms, due_lair_maze_entry_diamond
Temple:   mainiacjoe_temple_circle_huts
Lair:1:   layout_cave_pods, basic_altar, lemuel_fruit_fields, grunt_megastairs_1
Lair:2:   layout_layer_cave, hellmonk_spider_entry_not_the_bees,
          beast_lair_carwin_5, lemuel_fruit_tree
Lair:3:   layout_hall_layers, nicolae_swamp_entry_splash_gauntlet, uniq_nergalle

Skill      XL: |  1  2  3  4  5  6  7  8  9 10 11 12 13 |
---------------+----------------------------------------+-----
Spellcasting   | 4 5 6 7 8 10 12 13 14 15 | 15.5
Armour         | 1 5 7 |  7.3
Shields        | 1 5 |  5.1
Stealth        | 2 5 |  5.5
Dodging        | 6 |  6.7

Action                   |  1- 3 |  4- 6 |  7- 9 | 10-12 | 13-15 || total
-------------------------+-------+-------+-------+-------+-------++-------
Melee: Flail             |       |       |       |       |     5 ||     5
 Cast: Magic Dart        |    47 |   149 |    35 |    32 |     7 ||   270
       Sandblast         |     9 |     6 |     2 |       |       ||    17
       Searing Ray       |     3 |    41 |     3 |     3 |       ||    50
       Iskenderun's Myst |       |     2 |     7 |    25 |    13 ||    47
       Fulminant Prism   |       |       |    40 |    90 |    55 ||   185
       Lee's Rapid Decon |       |       |       |    36 |    36 ||    72
       Stone Arrow       |       |       |       |     5 |     3 ||     8
       Manifold Assault  |       |       |       |       |     4 ||     4
Invok: Curse Item        |       |       |       |     5 |     1 ||     6
  Use: Scroll            |       |     2 |    12 |       |     2 ||    16
       Potion            |       |     1 |       |       |     1 ||     2
Armor: Robe              |       |     6 |       |     4 |     2 ||    12
Dodge: Dodged            |     8 |    39 |    17 |    16 |     4 ||    84
Block: Buckler           |       |       |       |     8 |     5 ||    13

Table legend: (Time is in decaauts)
 A = Elapsed time spent in this place.
 B = Non-inter-level travel time spent in this place.
 C = Inter-level travel time spent in this place.
 D = Time resting spent in this place.
 E = Time spent auto-exploring this place.
 F = Levels seen in this place.
 G = Mean time per level.
                   A        B        C        D        E       F      G
               +--------+--------+--------+--------+--------+-----+--------+
         Total |  20755 |  19666 |   1089 |   5094 |  12786 |  16 | 1297.2 |
       Dungeon |  15238 |  14363 |    875 |   3736 |   9349 |  11 | 1385.3 |
        Temple |    309 |    272 |     37 |      0 |    249 |   1 |  309.0 |
          Lair |   3915 |   3738 |    177 |   1036 |   2377 |   3 | 1305.0 |
         Sewer |   1291 |   1291 |      0 |    322 |    811 |   1 | 1291.0 |
               +--------+--------+--------+--------+--------+-----+--------+

Top non-repeatable levels by time:
     D:8: 2094 daAuts
  Lair:2: 1990 daAuts
     D:7: 1737 daAuts
     D:3: 1642 daAuts
  Lair:1: 1631 daAuts
     D:6: 1614 daAuts
     D:5: 1445 daAuts
     D:1: 1407 daAuts
     D:9: 1387 daAuts
    D:10: 1332 daAuts
   Sewer: 1291 daAuts
     D:2: 920 daAuts
     D:4: 906 daAuts
    D:11: 748 daAuts
  Temple: 309 daAuts
